 Dungeon Crawl Stone Soup version 0.24-a0-781-g048a31f (webtiles) character file.

Game seed: 4736172956977762486, levelgen mode: deterministic

3244 DrEnzyme the Spear-Bearer (level 9, -6/117 HPs)
             Began as a Naga Wanderer on Oct 8, 2019.
             Was a Follower of Cheibriados.
             Mangled by a fire dragon (9 damage)
             ... on level 8 of the Dungeon.
             The game lasted 00:34:20 (9345 turns).

DrEnzyme the Spear-Bearer (Naga Wanderer)           Turns: 9345, Time: 00:34:21

Health: -6/117     AC: 24    Str: 21    XL:     9   Next: 99%
Magic:  13/14      EV:  1    Int: 18    God:    Cheibriados [*.....]
Gold:   82         SH:  0    Dex: 21    Spells: 13/14 levels left

rFire    + + .     SeeInvis +   a - +2 spear
rCold    . . .     Gourm    .   (no shield)
rNeg     + + +     Faith    .   (armour currently unavailable)
rPois    +         Spirit   .   (helmet currently unavailable)
rElec    +         Reflect  .   (cloak currently unavailable)
rCorr    +         Harm     .   (gloves currently unavailable)
MR       +....     NoTele   +   (no barding)
Stlth    ++++++....             (no amulet)
HPRegen  0.29/turn              H - ring of wizardry
MPRegen  0.14/turn              F - ring of fire

@: brilliant, agile, tree-form, resistant, hasted, quick
A: large, see invisible, slow metabolism 1, spit poison 1, AC +3
a: Spit Poison, Bend Time, Renounce Religion


You were on level 8 of the Dungeon.
You worshipped Cheibriados.
Cheibriados was aware of your devotion.
You were hungry.
You were a tree.
You visited 2 branches of the dungeon, and saw 9 of its levels.

You collected 426 gold pieces.
You spent 344 gold pieces at shops.

Inventory:

Hand Weapons
 a - a +2 spear (weapon)
 b - a +0 short sword
 e - a +0 dagger
 M - the +6 arbalest of the Lost Songs {flame, rElec Int+4}
   (You took it off an orc on level 7 of the Dungeon)

   It causes projectiles fired from it to burn those they strike, causing extra
   injury to most foes and up to half again as much damage against particularly
   susceptible opponents.
   It affects your intelligence (+4).
   It insulates you from electricity.
 O - a +3 scimitar of slicing
Missiles
 c - 31 poisoned darts (quivered)
 d - a throwing net
Armour
 g - a +2 cloak (melded)
 j - a +0 pair of gloves (melded)
 A - a +0 helmet (melded)
 N - a +2 leather armour of magic resistance (melded)
Jewellery
 w - an uncursed ring of resist corrosion
 y - a +1 ring of protection
 F - a ring of fire (right branch)
 H - a ring of wizardry (left branch)
Wands
 J - a wand of flame (59)
Scrolls
 i - a scroll of identify
 m - a scroll of blinking
 n - a scroll of remove curse
 u - a scroll of immolation
 C - 4 scrolls of magic mapping
 G - 2 scrolls of vulnerability
 K - a scroll of fog
Potions
 o - a potion of agility
 B - a potion of lignification
Comestibles
 f - 7 rations


   Skills:
 * Level 4.0 Fighting
 * Level 10.1 Polearms
 + Level 1.7 Throwing
 + Level 3.7 Armour
 + Level 1.9 Dodging
 + Level 9.2 Stealth
 + Level 3.4 Spellcasting
 + Level 2.9 Hexes
 * Level 3.2 Invocations
 + Level 2.2 Evocations


You had 13 spell levels left.
You knew the following spells:

 Your Spells              Type           Power        Failure   Level  Hunger
a - Confusing Touch       Hex            ###...       1%          1    None

Your spell library contained the following spells:

 Spells                   Type           Power        Failure   Level  Hunger
 Animate Skeleton         Necr           N/A          1%          1    None
 Apportation              Tloc           ##....       1%          1    None
 Summon Small Mammal      Summ           ##..         1%          1    None


Dungeon Overview and Level Annotations

Branches:
Dungeon (8/15)             Temple (1/1) D:7            Lair (0/6) D:8

Altars:
Ashenzari
Cheibriados
Elyvilon
Kikubaaqudgha
Okawaru
Trog
Uskayaw
Zin
The Shining One

Shops:
D:4 *   D:6 :   D:8 ?

Annotations:
D:3 1 runed translucent door, Crazy Yiuf
D:4 exclusion: necrophage
D:7 exclusion: downstairs
D:8 Maurice


Innate Abilities, Weirdness & Mutations

You cannot wear boots.
((Your serpentine skin is tough. (AC +3)))
You have supernaturally acute eyesight. (SInv)
((Armour fits poorly on your strangely shaped body.))
((Your system is resistant to poisons. (rPois)))
((You cover ground very slowly.))
You have a slow metabolism.
You can spit poison.


Message History

The fire dragon is severely wounded.
You catch the helpless fire dragon completely off-guard!
You hit the fire dragon.
The fire dragon is severely wounded.
You hit the fire dragon but do no damage.
The fire dragon is severely wounded.
The fire dragon bites you.
* * * LOW HITPOINT WARNING * * *
The fire dragon claws you.
* * * LOW HITPOINT WARNING * * *
The fire dragon tramples you but does no damage.
You hit the fire dragon but do no damage.
The fire dragon is severely wounded.
You catch the helpless fire dragon completely off-guard!
You puncture the fire dragon!
The fire dragon is almost dead.
You completely miss the fire dragon.
The fire dragon is almost dead.
The fire dragon bites you!
You die...

#.# #.# #################.# #.#
#.....#........##.# #.#
#..D..#........##'###.#
######.(...#†....†.........##
#∩.......(...†.........^....>
#.##.............####......#.
#####.##.#...§§##########......#.
.....>.(......§D♣§§..........#.#.
.......#.##########.##.#####.#.#.
.......#.#... # #.#.#.
....(..#.#.# #.#.#. .§.........
#.#... §§.......###### #.#.##
≈§§....<.....5. #.#†#
≈≈≈....######## #.#.## >.≈≈...
#.#...


You could see a fire dragon (confused).

Vanquished Creatures
  A phantom (D:7)
  2 ice beasts
  2 sky beasts
  A black bear (D:8)
  4 ogres
  A necrophage (D:7)
  2 centaurs
  A big kobold (D:8)
  5 scorpions
  10 killer bees (D:8)
  3 wights
  A howler monkey (D:6)
  3 crimson imps
  2 centaur zombies (D:5)
  A bullfrog zombie (D:5)
  4 orc priests
  3 centaur skeletons
  2 bullfrog skeletons
  3 hounds
  Terence (D:3)
  An iguana (D:6)
  4 orc wizards
  5 worker ants
  2 worker ant zombies
  4 gnolls (D:3)
  7 adders
  3 shadow imps
  An adder skeleton (D:6)
  4 worms
  5 dart slugs
  4 leopard geckos
  19 orcs
  4 ball pythons
  9 giant cockroaches
  14 hobgoblins
  10 jackals
  A quokka (D:5)
  8 bats
  6 frilled lizards
  14 goblins
  10 kobolds
  A leopard gecko skeleton (D:4)
  A quokka zombie (D:6)
  7 rats
196 creatures vanquished.

Vanquished Creatures (collateral kills)
  2 orcs (D:7)
2 creatures vanquished.

Vanquished Creatures (others)
  A centaur (D:6)
  A crimson imp (D:6)
  A worker ant (D:6)
3 creatures vanquished.

Grand Total: 201 creatures vanquished

Notes
Turn   | Place    | Note
-------+----------+-------------------------------------------
     0 | D:1      | DrEnzyme the Naga Wanderer began the quest for the Orb.
     0 | D:1      | DrEnzyme set off with the following items: a +2 spear, a +0
                  | short sword, a potion of lignification, a +0 robe, a +0
                  | dagger, a ration
     0 | D:1      | Reached XP level 1. HP: 18/18 MP: 1/1
   382 | D:1      | Reached XP level 2. HP: 25/25 MP: 2/2
   822 | D:2      | Reached skill level 5 in Stealth
   822 | D:2      | Reached XP level 3. HP: 24/31 MP: 3/3
  1157 | D:2      | Reached XP level 4. HP: 33/38 MP: 4/4
  1326 | D:2      | Noticed an ogre
  1336 | D:2      | Killed an ogre
  1336 | D:2      | Reached skill level 7 in Polearms
  1336 | D:2      | Reached XP level 5. HP: 44/44 MP: 5/5
  1504 | D:2      | Found a shattered altar of Ashenzari.
  1526 | D:2      | Learned a level 1 spell: Confusing Touch
  1779 | D:2      | Reached skill level 1 in Armour
  2073 | D:3      | Noticed Terence
  2079 | D:3      | Killed Terence
  2149 | D:3      | Noticed an ogre
  2155 | D:3      | Reached XP level 6. HP: 46/52 MP: 6/6
  2232 | D:3      | Reached skill level 1 in Spellcasting
  2244 | D:3      | Reached skill level 1 in Evocations
  2497 | D:3      | Found an iron altar of Okawaru.
  3289 | D:3      | Found a runed translucent door.
  3290 | D:3      | Noticed Crazy Yiuf
  3549 | D:4      | Noticed a necrophage
  3565 | D:4      | Reached XP level 7. HP: 58/61 MP: 7/9
  3607 | D:4      | Found Yguwaynn's Assorted Antiques.
  3615 | D:4      | Bought a bubbling golden potion for 22 gold pieces
  3615 | D:4      | Bought a fizzy black potion for 22 gold pieces
  3615 | D:4      | Bought a scroll labeled YKHIMA DUOTAOMN for 25 gold pieces
  3615 | D:4      | Bought a scroll labeled YKHIMA DUOTAOMN for 25 gold pieces
  3976 | D:4      | Bought a silver ring for 125 gold pieces
  4363 | D:5      | Entered Level 5 of the Dungeon
  4630 | D:5      | Reached skill level 1 in Dodging
  4829 | D:5      | Reached skill level 8 in Polearms
  5091 | D:5      | Reached XP level 8. HP: 35/68 MP: 10/10
  5758 | D:6      | Reached skill level 1 in Hexes
  6198 | D:6      | Found Fokaid's Book Emporium.
  6668 | D:7      | Reached skill level 9 in Polearms
  6841 | D:7      | Found a bloodstained altar of Trog.
  6907 | D:7      | Reached skill level 1 in Throwing
  6983 | D:7      | Reached XP level 9. HP: 62/75 MP: 11/13
  7216 | D:4      | Bought a tourmaline ring for 125 gold pieces
  7753 | D:7      | Identified the +6 arbalest of the Lost Songs {flame, rElec
                  | Int+4}
  7907 | D:7      | Found a staircase to the Ecumenical Temple.
  7916 | Temple   | Entered the Ecumenical Temple
  7921 | Temple   | Became a worshipper of Cheibriados the Contemplative
  8060 | D:7      | Reached skill level 1 in Invocations
  8181 | D:8      | Found a staircase to the Lair.
  8181 | D:8      | Noticed a fire dragon
  8637 | D:8      | Noticed Maurice
  8985 | D:8      | Reached * piety under Cheibriados
  9011 | D:8      | Reached skill level 10 in Polearms
  9260 | D:8      | Found Qess's Magic Scroll Emporium.
  9339 | D:8      | HP: 4/117 [fire dragon (7)]
  9345 | D:8      | Mangled by a fire dragon

Levels and vault maps discovered:
D:1:      lightli_arrival_maybe_door_vault, layout_basic,
          chequers_serial_rivers_micro_d
D:2:      layout_loops_ring, ashenzari_altar_1
D:3:      minmay_chambers_of_threes, layout_basic, okawaru_metal_pillars_3,
          first_ration, uniq_terence, uniq_crazy_yiuf_cottage
D:4:      layout_loops_corners, serial_shops, shop
D:5:      layout_basic, corexii_corridor_pit
D:6:      layout_basic, serial_shops, shop, minivault_22
D:7:      layout_loops_corners, minmay_temple_entry_statues_pillars,
          trog_hazing_becter
D:8:      layout_basic, minmay_lair_entry_lava, serial_shops, shop, uniq_maurice
Temple:   nicolae_temple_the_god_donut

Skill      XL: |  1  2  3  4  5  6  7  8  9 |
---------------+----------------------------+-----
Stealth        | 5 6 7 9 |  9.2
Polearms       | 7 8 9 10 | 10.1
Armour         | 1 2 3 |  3.7
Fighting       | 2 3 4 |  4.0
Spellcasting   | 1 2 3 |  3.4
Evocations     | 1 2 |  2.2
Dodging        | 1 |  1.9
Hexes          | 2 |  2.9
Throwing       | 1 |  1.7
Invocations    | 3 |  3.2

Action                   |  1- 3 |  4- 6 |  7- 9 || total
-------------------------+-------+-------+-------++-------
Melee: Spear             |    58 |   196 |   619 ||   873
Throw: Throwing net      |       |     4 |       ||     4
       Dart              |       |     6 |    68 ||    74
 Cast: Confusing Touch   |       |       |    31 ||    31
 Abil: Spit Poison       |     7 |    11 |    16 ||    34
       Evoke Berserk Rag |       |     2 |     5 ||     7
Evoke: Wand              |       |       |    28 ||    28
  Use: Scroll            |     2 |    10 |    10 ||    22
       Potion            |       |     1 |    15 ||    16
 Stab: Sleeping          |     4 |    10 |     7 ||    21
       Distracted        |       |       |     2 ||     2
       Confused          |       |       |    38 ||    38
       Betrayed ally     |       |       |     1 ||     1
  Eat: Chunk             |       |     6 |    15 ||    21
       Ration            |       |     1 |     2 ||     3
Armor: Robe              |    15 |     9 |       ||    24
       Skin              |       |     2 |     5 ||     7
       Leather armour    |       |    29 |   186 ||   215
Dodge: Dodged            |    24 |    50 |   168 ||   242

Table legend:
 A = Non-vault XP
 B = Vault XP
 C = Vault XP percentage of total XP
 D = Non-vault monster count
 E = Vault monster count
 F = Vault count percentage of total count
                 A         B        C        D         E       F
            +---------+---------+-------+---------+---------+-------
      Total |    4561 |      74 |   1.6 |     180 |      19 |   9.5
            +---------+---------+-------+---------+---------+-------
        D:1 |      22 |       0 |   0.0 |      13 |       0 |   0.0
        D:2 |     233 |       0 |   0.0 |      34 |       0 |   0.0
        D:3 |     268 |      63 |  19.0 |      30 |      13 |  30.2
        D:4 |     254 |       0 |   0.0 |       9 |       0 |   0.0
        D:5 |     519 |       0 |   0.0 |      21 |       0 |   0.0
        D:6 |     478 |       0 |   0.0 |      18 |       0 |   0.0
        D:7 |    1358 |      11 |   0.8 |      27 |       6 |  18.2
        D:8 |    1429 |       0 |   0.0 |      28 |       0 |   0.0
            +---------+---------+-------+---------+---------+-------
